AoeStats
← Blad_esfz

Oasis

507866385Analyzed
3v3 RM · 14d ago on Sep 20, 2026· 26m 6s· 6 players
Game mode
Random Map
Map size
Normal (6 player)
Population
200
Speed
Normal
Resources
Standard
Victory
Conquest
Starting age
Dark Age
Ending age
Imperial Age
RankedLock teamsTeams togetherTeam positionsShared explorationLock speedFull tech treeHidden civsTurbo modeCheats
Victory
Defeat
🇦🇷 Japanese · Argentina
1151
+12
🇺🇸 Bohemians · United States
1082
+14
🇪🇨 Magyars · Ecuador
1058
+15
🇨🇱 Mapuche · Chile
1127
-17
🇨🇱 Hindustanis · Chile
1013
-12
🇨🇱 Persians · Chile
1012
-12
Lordcreos
12:01 Feudal Age
14:52 Loom
18:03 Castle Age
16:18 Double-Bit Axe
20:40 Wheelbarrow
21:27 Bloodlines
20:37 Light Cavalry
21:37 Horse Collar
22:39 Light Cavalry
25:29 Hand Cart
25:42 Scale Barding Armor
GUASON_
6:28 Loom
10:56 Feudal Age
10:59 Man-at-Arms
13:41 Forging
14:41 Scale Mail Armor
16:37 Arson
18:23 Fletching
19:06 Padded Archer Armor
Jersey_TitanX
10:10 Feudal Age
10:18 Man-at-Arms
12:19 Arson
12:20 Loom
15:07 Fletching
16:44 Padded Archer Armor
22:53 Castle Age
21:02 Horse Collar
22:56 Crossbowman
25:25 Heavy Plow
25:37 Double-Bit Axe
25:49 Bodkin Arrow
26:36 Wheelbarrow
Blad_esfz
3:38 Loom
11:01 Feudal Age
15:05 Double-Bit Axe
21:08 Bloodlines
23:06 Bloodlines
23:35 Scale Barding Armor
24:05 Forging
zexochi
7:24 Loom
10:56 Feudal Age
Xomun
11:26 Feudal Age
10:25 Loom
13:07 Wheelbarrow
12:56 Double-Bit Axe
16:13 Scale Mail Armor
17:11 Scale Barding Armor
22:06 Forging
23:34 Bloodlines
Connection lost

Rejoining the realm…

Still unreachable

The connection could not be restored.

Session expired

The server has moved on; the page needs a fresh start.